 Dungeon Crawl Stone Soup version 0.19-a0-1268-g6c5d9f8 (webtiles) character file.

2120 AlphabetPasta the Bolt Thrower (level 9, 0/72 HPs)
             Began as a Ghoul Arcane Marksman on Aug 29, 2016.
             Was an Initiate of Kikubaaqudgha.
             Slain by an orc warrior
             ... wielding a +0 flail
              (14 damage)
             ... on level 6 of the Dungeon.
             The game lasted 00:33:44 (5315 turns).

AlphabetPasta the Bolt Thrower (GhAM)               Turns: 5315, Time: 00:33:45

Health: 0/72       AC:  7    Str: 15    XL:     9   Next: 29%
Magic:  12/13      EV: 19    Int: 11    God:    Kikubaaqudgha [......]
Gold:   311        SH:  0    Dex: 13    Spells: 2 memorised, 12 levels left

rFire  . . .     SeeInvis .     i - staff of air (curse)
rCold  + . .     Gourm    .     j - +2 robe {MR+}
rNeg   + + +     Faith    .     (no shield)
rPois  ∞         Spirit   .     t - +2 helmet
rElec  +         Dismiss  .     (no cloak)
rCorr  .         Reflect  .     (no gloves)
MR     +....     Harm     .     (no boots)
Stlth  ++++......               (no amulet)
                                (no ring)
                                (no ring)

@: agile, flying, very slightly contaminated, rotting, hasted, very quick
A: rotting body, claws 1, carnivore 3, cold resistance 1, negative energy
resistance 3, slow regeneration 1, torment resistance, unbreathing
a: Renounce Religion


You were on level 6 of the Dungeon.
You worshipped Kikubaaqudgha.
Kikubaaqudgha was noncommittal.
You were not hungry.

You visited 1 branch of the dungeon, and saw 9 of its levels.

You collected 311 gold pieces.

Inventory:

Hand Weapons
 a - a +0 short sword
 b - a +1 hand crossbow
Missiles
 d - 15 bolts
Armour
 e - a +0 robe
 g - a +2 helmet
 h - a +1 scale mail of magic resistance
 j - a +2 robe of magic resistance (worn)
 t - a +2 helmet (worn)
 x - the +2 ring mail of Nahigh {Stlth+, unknown}
   (You found it on level 5 of the Dungeon)

   It makes you more stealthy.
Magical Staves
 i - a cursed staff of air (weapon)
Jewellery
 q - a cursed amulet of inaccuracy {unknown}
 D - an uncursed amulet of regeneration {unknown}
Wands
 p - a wand of heal wounds (0/9)
 z - a wand of digging (13/24)
Scrolls
 m - 2 scrolls of teleportation
 r - a scroll of fog
 v - a scroll of amnesia
Potions
 l - 2 potions of brilliance
 o - a potion of curing
 E - a potion of invisibility {unknown}
Books
 c - a book of Debilitation

   Spells                             Type                      Level
   a - Corona                         Hexes                        1
   b - Slow                           Hexes                        2
   c - Gell's Gravitas                Hexes/Translocation          3
   d - Inner Flame                    Hexes/Fire                   3
   e - Cause Fear                     Hexes                        4
   f - Leda's Liquefaction            Hexes/Earth                  4
Comestibles
 f - 4 meat rations
 k - 3 slices of pizza
 n - a beef jerky


   Skills:
 + Level 4.3 Fighting
 - Level 3.7 Short Blades
 * Level 5.1 Crossbows
 + Level 4.1 Dodging
 + Level 4.7 Stealth
 + Level 3.6 Spellcasting
 + Level 4.2 Hexes
 * Level 2.5 Necromancy


You had 12 spell levels left.
You knew the following spells:

 Your Spells              Type           Power        Failure   Level  Hunger
a - Corona                Hex            ##.....      4%          1    #......
b - Slow                  Hex            ##......     10%         2    ###....


Dungeon Overview and Level Annotations

Branches:
Dungeon (9/15)
 Temple: D:4-7         Lair: D:8-11         Orc: D:9-12

Altars:
Fedhas
Gozag
Kikubaaqudgha
Nemelex Xobeh
Okawaru
Uskayaw
Vehumet
Xom

Annotations:
D:6 Eustachio
D:8 Pikel


Innate Abilities, Weirdness & Mutations

Your body is rotting away.
You thrive on raw meat.
You are immune to poison.
You have sharp fingernails.
You are carnivorous and can eat meat at any time.
Your flesh is cold resistant. (rC+)
You are immune to negative energy. (rN+++)
You regenerate slowly when monsters are visible.
You are immune to unholy pain and torment.
You can survive without breathing.


Message History

It was a potion of agility.
You feel agile all of a sudden. The orc warrior barely misses you.
It was a potion of flight.
You feel very buoyant.
You fly up into the air.
The orc warrior misses you.
It was a potion of cure mutation.
It has a very clean taste.
The orc warrior completely misses you.
It was a potion of haste.
You feel yourself speed up.
You closely miss the orc warrior. The orc warrior closely misses you.
You hit the orc warrior.
The orc warrior is lightly wounded.
The orc warrior completely misses you.
You hit the orc warrior.
The orc warrior is lightly wounded.
You closely miss the orc warrior.
The orc warrior is lightly wounded.
The orc warrior hits you with a flail!
You die...
Kikubaaqudgha rasps: "You have failed me!
Welcome... oblivion!"

#..♣# #♣.♣# ♣ #...#.######
#...♣♣♣.♣.♣♣♣..##... ..#
#......♣♣♣......#### #.#
#...♣♣♣.♣.♣♣♣....### #.##
#..♣# #♣.♣# ♣.#.... #..###
#..♣ ♣.♣ ♣.#...###...#.
####..♣# #♣.♣# #♣..##.##......
#......♣♣♣...♣♣♣o.....##....#.
#.##.........@o{o.#.....##..##
#.##.#.###.#####o...#..#####.#
#.##.#.# #. ........#.#.# ##
#.##.#.#### #.#####.#.##.#
#.......# #.#####.#.# #.#
#.##.##.# #.##......########
#.##.##.### #.##.##.####......
#.##......###.##.##.# #.#####
#.#####....##.....o.# #.##...


You could see an orc warrior and 3 orcs.

Vanquished Creatures
  Sigmund (D:2)
  A water moccasin (D:9)
  An ice beast (D:5)
  A sky beast (D:5)
  An orc warrior (D:7)
  A slave (D:7)
  4 centaurs
  A giant frog (D:6)
  A wyvern skeleton (D:7)
  6 killer bees (D:9)
  A giant frog zombie (D:7)
  3 crimson imps
  A centaur zombie (D:6)
  2 hounds
  A jelly (D:5)
  A giant frog skeleton (D:5)
  4 orc priests
  A centaur skeleton (D:5)
  4 orc wizards
  Ijyb (D:2)
  2 worker ants
  2 worker ant zombies
  A howler monkey skeleton (D:7)
  6 adders
  2 shadow imps
  An ooze (D:1)
  3 adder skeletons
  5 worms
  4 giant geckos
  17 orcs
  9 bats
  5 giant cockroaches
  8 hobgoblins
  7 jackals
  15 kobolds
  5 quokkas
  4 ball pythons
  A ball python skeleton (D:4)
  5 giant newts
  9 goblins
  A jackal skeleton (D:5)
  A quokka skeleton (D:6)
  A quokka zombie (D:7)
  10 rats
161 creatures vanquished.

Notes
Turn   | Place    | Note
-------+----------+-------------------------------------------
     0 | D:1      | AlphabetPasta the Ghoul Arcane Marksman began the quest for the Orb.
     0 | D:1      | Reached XP level 1. HP: 16/16 MP: 1/1
    69 | D:1      | Reached skill level 2 in Crossbows
    94 | D:1      | Reached XP level 2. HP: 19/23 MP: 2/2
   300 | D:1      | Reached skill level 1 in Stealth
   406 | D:1      | Reached XP level 3. HP: 28/28 MP: 3/3
   807 | D:2      | Learned a level 2 spell: Slow
   911 | D:2      | Noticed Sigmund
   929 | D:2      | Killed Sigmund
   929 | D:2      | Reached skill level 1 in Short Blades
   929 | D:2      | Reached skill level 3 in Crossbows
   929 | D:2      | Reached XP level 4. HP: 36/36 MP: 3/5
   929 | D:2      | Reached XP level 5. HP: 41/41 MP: 3/6
  1000 | D:2      | Reached XP level 6. HP: 47/48 MP: 7/7
  1122 | D:2      | Noticed Ijyb
  1127 | D:2      | Killed Ijyb
  1712 | D:2      | Found a shimmering altar of Xom.
  2253 | D:3      | Found an iron altar of Okawaru.
  2549 | D:4      | Learned a level 2 spell: Slow
  2827 | D:4      | Reached XP level 7. HP: 56/56 MP: 9/9
  2878 | D:5      | Entered Level 5 of the Dungeon
  2899 | D:5      | Found a hide-covered altar of Uskayaw.
  3050 | D:5      | Got a spiked ring mail
  3290 | D:5      | Reached skill level 4 in Crossbows
  3290 | D:5      | Reached XP level 8. HP: 55/63 MP: 11/11
  3357 | D:5      | Found a radiant altar of Vehumet.
  3529 | D:5      | Found an opulent altar of Gozag.
  3648 | D:5      | You fall through a shaft for 2 floors!
  3911 | D:7      | Found an ancient bone altar of Kikubaaqudgha.
  3914 | D:7      | Became a worshipper of Kikubaaqudgha
  4359 | D:5      | Found a sparkling altar of Nemelex Xobeh.
  4585 | D:6      | Found a blossoming altar of Fedhas.
  4595 | D:6      | You fall through a shaft for 3 floors!
  4606 | D:9      | Reached skill level 1 in Necromancy
  4613 | D:9      | Reached XP level 9. HP: 22/68 MP: 11/13
  4752 | D:9      | Reached skill level 5 in Crossbows
  4778 | D:8      | Noticed Pikel
  5186 | D:6      | Noticed Eustachio
  5315 | D:6      | Slain by an orc warrior

Vault maps used:
D:1:      dpeg_arrival_orchard, minmay_tromino_i4
D:2:      lemuel_crystal_altar, first_bread, minmay_mini_jars, uniq_iyjb,
          uniq_sigmund
D:3:      okawaru_trees_1
D:5:      fiery_altar_vehumet, eat_drink_and_be_merry_uskayaw,
          kennysheep_mini_moat, nemelex_lonely_heart_becter
D:6:      marbit_many_paths, minmay_stone_trees_medium, uniq_eustachio
D:7:      lemuel_doored_altar, minmay_misc_feat_cross, lightli_minifort
D:8:      uniq_pikel
D:9:      grunt_qazlal_clouds, erik_orc_1

Skill      XL: |  1  2  3  4  5  6  7  8  9 |
---------------+----------------------------+-----
Crossbows      | 2 3 4 5 |  5.1
Dodging        | 2 3 4 |  4.1
Stealth        | 1 2 3 4 |  4.7
Short Blades   | 1 2 3 |  3.7
Fighting       | 2 3 4 |  4.3
Spellcasting   | 2 3 |  3.6
Hexes          | 3 4 |  4.2
Necromancy     | 1 2 |  2.5

Action                   |  1- 3 |  4- 6 |  7- 9 || total
-------------------------+-------+-------+-------++-------
Melee: Short sword       |       |     1 |    37 ||    38
       Staff             |       |       |    33 ||    33
 Fire: Hand crossbow     |    74 |   153 |   295 ||   522
 Cast: Slow              |     1 |       |     5 ||     6
Evoke: Wand              |       |       |     4 ||     4
  Use: Scroll            |     5 |     7 |     3 ||    15
       Potion            |     2 |       |     9 ||    11
 Stab: Sleeping          |       |     1 |     1 ||     2
  Eat: Chunk             |    15 |    41 |    49 ||   105
Armor: Robe              |    14 |    30 |    66 ||   110
Dodge: Dodged            |    26 |    51 |   209 ||   286
